 Dungeon Crawl Stone Soup version 0.32-a0-953-g508020473e (webtiles) character file.

Game seed: 14754364101728009665

3297285 BlackSun the Slayer (level 27, 202/240 (245) HPs)
             Began as a Human Delver on Apr 16, 2024.
             Was a Follower of Dithmenos.
             Escaped with the Orb
             ... and 5 runes!
             The game lasted 01:51:30 (67113 turns).

BlackSun the Slayer (Human Delver)                 Turns: 67113, Time: 01:51:31

HP:   202/240 (245) AC: 47    Str: 23 (24) XL:     27
MP:   35/43         EV: 25    Int:  9 (10) God:    Dithmenos [*.....]
Gold: 5022          SH: 29    Dex: 27      Spells: 26/26 levels left

rFire   + + .        v - +9 broad axe (heavy)
rCold   + + .        k - +2 tower shield {reflect}
rNeg    . . .        m - +10 gold dragon scales {rare}
rPois   +            J - +3 helmet "Deuz" {Dex+4}
rElec   +            s - scarf {repulsion}
rCorr   .            x - +0 pair of gloves of the Beggar {rC+ SInv}
SInv    +            C - +2 pair of boots {Fly}
Will    ++...        h - amulet "Ytiseroz" {-Cast rF++ Regen+ Dex+4} Stlth
                     f - ring of Xiahij {rElec MP+9 Dex+3}
HPRegen 1.40/turn    E - +5 ring of evasion
MPRegen 0.28/turn

%: no spellcasting, repel missiles, reflection
@: flying, slowed, wreathed by umbra, studying 2 skills, lightly drained, very
slow
A: explore regen, clumsy 1, deterioration 2, no potion heal 1, heat
vulnerability 1, inability to read after injury 1
0: Orb of Zot
}: 5/15 runes: serpentine, barnacled, slimy, silver, abyssal
a: Renounce Religion


You escaped.
You worshipped Dithmenos.
Dithmenos was aware of your devotion.
You visited 12 branches of the dungeon, and saw 56 of its levels.
You visited the Abyss 4 times.
You visited 1 bazaar.
You visited 1 ziggurat, and saw 8 of its levels.
You also visited: Wizlab and Desolation.

You collected 9342 gold pieces.
You spent 4320 gold pieces at shops.

Inventory:

Hand Weapons
 e - the +7 great mace "Firestarter" {flame, immolate, rFlCloud rF++}
   (You found it on level 5 of the Pits of Slime)

   rFlCloud:  It grants immunity to clouds of flame.
   rF++:      It greatly protects you from fire.
 v - a +9 heavy broad axe (weapon)
 K - a +9 vampiric broad axe
Missiles
 O - 4 throwing nets {=f!f}
Armour
 k - a +2 tower shield of reflection (worn)
 m - +10 gold dragon scales (worn) {rare}
 s - a scarf of repulsion (worn)
 x - the +0 pair of gloves of the Beggar (worn) {rC+ SInv}
   (You acquired it on level 2 of the Snake Pit)

   rC+:       It protects you from cold.
   SInv:      It lets you see invisible.
 C - a +2 pair of boots of flying (worn)
 J - the +3 helmet "Deuz" (worn) {Dex+4}
   (You acquired it on level 8 of the Dungeon)

   Dex+4:     It affects your dexterity (+4).
 R - the +10 tower shield of Ignorance {rN+ Int-4}
   (You found it on level 3 of the Elven Halls)

   Int-4:     It affects your intelligence (-4).
   rN+:       It protects you from negative energy.
 W - a scarf of resistance
Jewellery
 b - the ring of Liberty {rPois rF+ Will+ rCorr Dex-4}
   (You found it on level 3 of the Elven Halls)

   [ring of resist corrosion]

   Dex-4:     It affects your dexterity (-4).
   rF+:       It protects you from fire.
   rPois:     It protects you from poison.
   Will+:     It increases your willpower.
   rCorr:     It protects you from acid and corrosion.
 c - a ring of protection from cold
 f - the ring of Xiahij (left hand) {rElec MP+9 Dex+3}
   (You found it on level 1 of the Vaults)

   [ring of magical power]

   Dex+3:     It affects your dexterity (+3).
   rElec:     It insulates you from electricity.
   MP+9:      It affects your magic capacity (+9).
 h - the amulet "Ytiseroz" (around neck) {-Cast rF++ Regen+ Dex+4}
   (You acquired it on level 3 of the Elven Halls)

   [amulet of regeneration]

   Dex+4:     It affects your dexterity (+4).
   rF++:      It greatly protects you from fire.
   -Cast:     It prevents spellcasting.
   Regen+:    It increases your rate of health regeneration.
 E - a +5 ring of evasion (right hand)
 G - the amulet "Qolyp" {Acrobat rC+ Dex+4}
   (You found it on level 3 of the Elven Halls)

   [amulet of the acrobat]

   Acrobat:   It increases your evasion while moving and waiting.
   Dex+4:     It affects your dexterity (+4).
   rC+:       It protects you from cold.
 H - the ring "Ocwyjab" {rPois rC+ Will- Str+3 SInv}
   (You found it on level 1 of the Vaults)

   [ring of protection from cold]

   Str+3:     It affects your strength (+3).
   rC+:       It protects you from cold.
   rPois:     It protects you from poison.
   Will-:     It decreases your willpower.
   SInv:      It lets you see invisible.
 N - the ring of Moral Flaws {rElec rPois rC- Int+3 Dex+6}
   (You found it on level 5 of the Pits of Slime)

   [ring of dexterity]

   Int+3:     It affects your intelligence (+3).
   Dex+6:     It affects your dexterity (+6).
   rC-:       It makes you vulnerable to cold.
   rElec:     It insulates you from electricity.
   rPois:     It protects you from poison.
 P - the ring of Xom's Fair Game {rElec rPois Will- MP+9 Str+5}
   (You found it on level 3 of the Elven Halls)

   [ring of magical power]

   Str+5:     It affects your strength (+5).
   rElec:     It insulates you from electricity.
   rPois:     It protects you from poison.
   Will-:     It decreases your willpower.
   MP+9:      It affects your magic capacity (+9).
 Y - the ring "Mecircha" {rPois rF+++ Int+6 Dex-2}
   (You took it off a guardian mummy on level 3 of the Crypt)

   [ring of poison resistance]

   Int+6:     It affects your intelligence (+6).
   Dex-2:     It affects your dexterity (-2).
   rF+++:     It renders you almost immune to fire.
   rPois:     It protects you from poison.
Wands
 g - a wand of digging (36)
Scrolls
 d - 5 scrolls of revelation
 j - 12 scrolls of fear
 p - 5 scrolls of silence {!r!r}
 r - 11 scrolls of teleportation {@r4}
 u - 36 scrolls of identify {@r1}
 y - 14 scrolls of vulnerability {!r!r}
 D - 7 scrolls of enchant weapon
 F - 14 scrolls of immolation {!r!r}
 M - 3 scrolls of torment {!r}
 Q - 4 scrolls of poison {!r}
 S - 3 scrolls of butterflies
 T - 13 scrolls of fog
 Z - 3 scrolls of blinking {!r}
Potions
 n - 6 potions of brilliance
 o - 11 potions of heal wounds {@q2}
 q - 29 potions of curing {@q1}
 t - 2 potions of cancellation
 w - 7 potions of enlightenment
 z - 4 potions of might
 A - 2 potions of resistance
 B - 4 potions of invisibility
 I - 7 potions of magic
 L - 7 potions of attraction {!q}
 U - 3 potions of berserk rage {!q}
 V - 4 potions of ambrosia
Miscellaneous
 a - a sack of spiders
 i - a phantom mirror
 X - a phial of floods


   Skills:
 + Level 26.0 Fighting
 - Level 18.0 Axes
 + Level 25.0 Armour
 + Level 23.4 Dodging
 - Level 5.0 Stealth
 + Level 25.2 Shields
 - Level 15.0 Invocations


You had 26 spell levels left.
You didn't know any spells.
Your spell library contained the following spells:

 Spells                   Type           Power      Damage    Failure   Level
 Apportation              Tloc           0%         N/A       99%         1
 Foxfire                  Conj/Fire      0%         2x1d4     99%         1
 Kiss of Death            Conj/Necr      0%         2d5       99%         1
 Necrotise                Necr           0%         1d4       99%         1
 Shock                    Conj/Air       0%         1d3       99%         1
 Slow                     Hex            0%         N/A       99%         1
 Sting                    Conj/Alch      0%         1d3       99%         1
 Summon Small Mammal      Summ           0%         N/A       99%         1
 Blink                    Tloc           0%         N/A       100%        2
 Cigotuvi's Dreadful Rot  Necr/Alch/Air  0%         N/A       100%        2
 Ensorcelled Hibernation  Hex/Ice        0%         N/A       100%        2
 Jinxbite                 Hex            0%         N/A       100%        2
 Lesser Beckoning         Tloc           0%         N/A       100%        2
 Mercury Vapours          Alch/Air       0%         N/A       100%        2
 Momentum Strike          Conj/Tloc      0%         3d8       100%        2
 Scorch                   Fire           0%         2d5       100%        2
 Static Discharge         Conj/Air       0%         3-3/arc   100%        2
 Call Canine Familiar     Summ           0%         N/A       100%        3
 Confusing Touch          Hex            0%         N/A       100%        3
 Dazzling Flash           Conj/Hex       0%         N/A       100%        3
 Frozen Ramparts          Ice            0%         1d1       100%        3
 Fugue of the Fallen      Necr           0%         N/A       100%        3
 Hailstorm                Conj/Ice       0%         3d5       100%        3
 Maxwell's Portable Pile  Tloc           0%         2d(5-13)  100%        3
 Mephitic Cloud           Conj/Alch/Air  0%         N/A       100%        3
 Ozocubu's Armour         Ice            0%         N/A       100%        3
 Sigil of Binding         Hex            0%         N/A       100%        3
 Stone Arrow              Conj/Erth      0%         3d7       100%        3
 Summon Ice Beast         Ice/Summ       0%         N/A       100%        3
 Swiftness                Air            0%         N/A       100%        3
 Tukima's Dance           Hex            0%         N/A       100%        3
 Vampiric Draining        Necr           0%         2d6       100%        3
 Volatile Blastmotes      Fire/Tloc      0%         2d10      100%        3
 Airstrike                Air            0%         2d(0-16)  100%        4
 Anguish                  Hex/Necr       0%         N/A       100%        4
 Animate Armour           Summ/Erth      0%         N/A       100%        4
 Brom's Barrelling Bould  Conj/Erth      0%         2d3       100%        4
 Cause Fear               Hex            0%         N/A       100%        4
 Dimensional Bullseye     Hex/Tloc       0%         N/A       100%        4
 Dispel Undead            Necr           0%         3d6       100%        4
 Fulminant Prism          Conj/Alch      0%         3d5       100%        4
 Ignite Poison            Fire/Alch      0%         N/A       100%        4
 Iskenderun's Mystic Bla Conj/Tloc 0%             2d3        (+2d1     100%        4
 Leda's Liquefaction      Alch/Erth      0%         N/A       100%        4
 Martyr's Knell           Necr/Summ      0%         N/A       100%        4
 Olgreb's Toxic Radiance  Alch           0%         N/A       100%        4
 Passage of Golubria      Tloc           0%         N/A       100%        4
 Petrify                  Alch/Erth      0%         N/A       100%        4
 Sticky Flame             Fire/Alch      0%         2d4       100%        4
 Summon Blazeheart Golem  Fire/Summ      0%         N/A       100%        4
 Vhi's Electric Charge    Tloc/Air       0%         N/A       100%        4
 Alistair's Intoxication  Alch           0%         N/A       100%        5
 Arcjolt                  Conj/Air       0%         1d10      100%        5
 Borgnjor's Vile Clutch   Necr/Erth      0%         N/A       100%        5
 Fireball                 Conj/Fire      0%         3d3       100%        5
 Freezing Cloud           Conj/Ice/Air   0%         6-21      100%        5
 Iskenderun's Battlesphe  Conj           0%         2d6       100%        5
 Metabolic Englaciation   Hex/Ice        0%         N/A       100%        5
 Silence                  Hex/Air        0%         N/A       100%        5
 Summon Forest            Summ/Tloc      0%         N/A       100%        5
 Summon Mana Viper        Hex/Summ       0%         N/A       100%        5
 Bombard                  Conj/Erth      0%         9d1       100%        6
 Conjure Ball Lightning   Conj/Air       0%         3x3d6     100%        6
 Death Channel            Necr           0%         N/A       100%        6
 Eringya's Noxious Bog    Alch           0%         4d6       100%        6
 Gell's Gavotte           Tloc           0%         2d(11-16) 100%        6
 Permafrost Eruption      Ice/Erth       0%         2x4d1     100%        6
 Plasma Beam              Fire/Air       0%         2x1d10    100%        6
 Sculpt Simulacrum        Ice/Alch       0%         N/A       100%        6
 Starburst                Conj/Fire      0%         6d3       100%        6
 Summon Cactus Giant      Summ           0%         N/A       100%        6
 Enfeeble                 Hex            0%         N/A       100%        7
 Haunt                    Necr/Summ      0%         N/A       100%        7
 Magnavolt                Erth/Air       0%         3d9       100%        7
 Malign Gateway           Summ/Tloc      0%         N/A       100%        7
 Monstrous Menagerie      Summ           0%         N/A       100%        7
 Orb of Destruction       Conj           0%         9d5       100%        7
 Ozocubu's Refrigeration  Ice            0%         4d7       100%        7
 Rimeblight               Ice/Necr       0%         2d3       (prima100%   7
 Seismic Cannonade        Alch/Erth      0%         6d4       100%        7
 Spellforged Servitor     Conj/Summ      0%         N/A       100%        7
 Borgnjor's Revivificati  Necr           0%         N/A       100%        8
 Discord                  Hex            0%         N/A       100%        8
 Disjunction              Tloc           0%         N/A       100%        8
 Fulsome Fusillade        Conj/Alch      0%         (3-5)d4   100%        8
 Ignition                 Fire           0%         3d3       100%        8
 Lehudib's Crystal Spear  Conj/Erth      0%         10d2      100%        8
 Maxwell's Capacitive Co  Air            0%         ∞         100%        8
 Summon Horrible Things   Summ           0%         N/A       100%        8
 Death's Door             Necr           0%         N/A       100%        9
 Dragon's Call            Summ           0%         N/A       100%        9
 Polar Vortex             Ice            0%         N/A       100%        9


Dungeon Overview and Level Annotations

Branches:
Dungeon (15/15)            Temple (1/1) D:7            Lair (5/5) D:9
 Shoals (4/4) Lair:3        Snake (4/4) Lair:3        Slime (5/5) Lair:4
    Orc (2/2) D:11            Elf (3/3) Orc:2        Vaults (5/5) D:13
  Crypt (3/3) Vaults:2       Tomb (0/3) Crypt:3      Depths (4/4) D:15
    Zot (5/5) Depths:4     WizLab (visited)         Desolation (visited)

Altars:
Ashenzari
Cheibriados
Dithmenos
Elyvilon
Fedhas
Gozag
Hepliaklqana
Kikubaaqudgha
Makhleb
Nemelex Xobeh
Okawaru
Qazlal
Ru
Sif Muna
Trog
Uskayaw
Vehumet
Wu Jian
Xom
Yredelemnul
Zin
The Shining One
Beogh
Jiyva
Lugonu

Shops:
Orc:2 [[**   Elf:1 *[   Elf:2 [   Elf:3 :   Shoals:2 *   Shoals:4 [[*
Snake:2 ?   Snake:3 [   Snake:4 =:=   Vaults:3 ?[:(   Depths:4 !=

Portals:
Hell: Lair:5 Depths:1 Depths:2 Depths:3 Depths:4
Abyss: Depths:2 Depths:3
Pandemonium: Depths:2

Annotations:
D:3 ignis
D:10 brand needRF
Zot:3 2 transporters, Dety Ygi's ghost, veteran MiMo


Innate Abilities, Weirdness & Mutations

You regain HP and MP as you explore.
You are clumsy. (Dex -2)
Your body often deteriorates upon taking damage.
Potions are less effective at restoring your health.
You are vulnerable to heat. (rF-)
You occasionally lose the ability to read scrolls when taking damage.


Message History

Your butterfly dies!
Your butterfly disappears in a burst of colours!
You block Umyl Iff's attack. Umyl Iff closely misses you.
You swap places.
Umyl Iff tentacle-slaps your butterfly! Umyl Iff burns your butterfly.
Your butterfly dies!
Your butterfly disappears in a burst of colours!
Umyl Iff misses you. Umyl Iff tentacle-slaps you! Umyl Iff burns you.
Umyl Iff tentacle-slaps you but does no damage.
Umyl Iff tentacle-slaps your butterfly!!!
Your butterfly dies!
Your butterfly disappears in a burst of colours!
Umyl Iff tentacle-slaps your butterfly!!!
Your butterfly dies!
Your butterfly disappears in a burst of colours!
You block Umyl Iff's attack.
There is a stone staircase leading up here.
Read: 4 scrolls of butterflies
Press: ? - help, Q - select action, (/) - cycle Dir - look around, f - activate Look: Umyl Iff, armed with a chaotic touch (ally target, umbra)
As you read the scroll of butterflies, it crumbles to dust.
You hear the flapping of tiny wings.
Your butterfly is knocked back by the sudden gust. x5
Umyl Iff is knocked back by the sudden gust.
Your butterfly is knocked back by the sudden gust.
You block Umyl Iff's attack. Umyl Iff closely misses you.
Umyl Iff tentacle-slaps you!
You feel your power leaking away. You block Umyl Iff's attack.
You fly upwards.
Your summoned allies are left behind.
There is a stone staircase leading down here.
Unknown command.
Unknown command.
Unknown command.
Unknown command.
Unknown command.
Unknown command.
Aiming: Dig
Press: ? - help, Q - select action, (/) - cycle Shift-Dir - straight line You can't see that place. [the floor.]
The rock shatters into small pieces.
Umyl Iff tentacle-slaps you but does no damage. x2
Umyl Iff tentacle-slaps you!! Umyl Iff freezes you.
Unknown command.
Blink to where?
Press: ? - help, Q - select action, (/) - cycle Dir - move target
As you read the scroll of blinking {!r}, it crumbles to dust.
You block Umyl Iff's attack.
You have escaped!

#.##################.####.##.....
#...# #...................##....÷
###.###.##.#########.####.#.#....
#.....##.###.♣####.# #.#..#...
########..#.♣.♣..#.# #.#...#..
##...#♣.♣#..####.#####..
####...###...##.#...#[# ♣..♣
#.##...#..#÷÷.
#♣@♣##......#.#....
#♣&.#......##.....
##'....####.....#
#...>.....##.....
###########.....#####.#....
#...............# #..#...
#.############### #...#.# #.#
########### #####.. #.#
#.........# ####...#.#


You could see Umyl Iff.

Vanquished Creatures
  the Royal Jelly (Slime:5)
  3 ancient liches (Zot:5)
  Mennas (Depths:3)
  7 orbs of fire
  A juggernaut (Zig:4)
  Xtahua (Vaults:2)
  A royal mummy (Crypt:3)
  Boris (twice) (Crypt:2 Vaults:5)
  Sojobo (Vaults:2)
  Vashnia (Snake:3)
  Vv (Depths:2)
  Bai Suzhen (Snake:3)
  6 Killer Klowns
  Saint Roka (Elf:2)
  6 curse toes
  14 golden dragons
  Nikola (Vaults:2)
  Norris (Depths:1)
  3 electric golems
  17 tentacled monstrosities
  2 walking crystal tomes
  25 Orb Guardians
  5 liches
  A deep elf master archer (Zig:6)
  3 titans
  2 deep elf blademasters
  12 quicksilver dragons
  7 sphinxes
  2 walking divine tomes
  An Executioner (Zig:8)
  18 acid blobs
  A tentacled starspawn (Abyss:4)
  4 ancient champions
  14 death cobs
  11 shadow dragons
  7 protean progenitors
  18 storm dragons
  12 tengu reavers
  8 draconian knights
  12 azure jellies
  5 revenants
  A strange machine (WizLab)
  12 draconian monks
  3 nagarajas
  Aizul (Snake:3)
  8 rockslimes
  19 frost giants
  6 fire giants
  13 draconian shifters
  2 balrugs
  11 draconian scorchers
  12 vault wardens
  3 iron dragons
  6 deep elf sorcerers
  2 curse skulls
  7 ghost moths
  5 deep elf elementalists (Elf:3)
  2 reapers
  4 draconian stormcallers
  4 ghouls (Crypt:1)
  17 ironbound preservers
  2 spriggan defenders
  6 draconian annihilators
  19 stone giants
  4 orc warlords
  15 very ugly things
  7 formless jellyfish
  2 juggernaut skeletons
  14 quicksilver oozes
  4 vampire knights
  17 black draconians
  25 green draconians
  The ghost of zurenarrh the Warrior, a journeyman FoEE of Cheibriados (D:13)
  7 ironbound thunderhulks
  29 purple draconians
  4 deep elf demonologists (Elf:3)
  12 deep elf death magi
  2 lorocyprocas
  15 dire elephants
  2 halazid warlocks (Desolation)
  A minotaur (D:13)
  5 war gargoyles
  20 red draconians
  Azrael (D:13)
  26 white draconians
  8 deep elf annihilators
  20 yellow draconians
  2 blizzard demons (Abyss:3)
  18 ettins
  15 fire dragons
  9 ragged hierophants (Desolation)
  13 yaktaur captains
  9 merfolk impalers
  6 merfolk javelineers
  6 eidola
  13 jiangshi
  Josephine (Lair:5)
  8 deep elf high priests
  4 mummy priests (Crypt:3)
  2 crystal guardians
  A quicksilver dragon zombie (Depths:2)
  21 great orbs of eyes
  6 ice dragons
  7 salamander tyrants
  28 vault guards
  A catoblepas (Lair:2)
  4 hydras
  2 jorogumos (Zot:3)
  A sphinx zombie (Crypt:1)
  7 servants of whispers (Desolation)
  2 ghost crabs
  6 anacondas
  16 rakshasas
  3 alligator snapping turtles
  12 ironbound frosthearts
  6 peacekeepers
  7 death knights
  3 merfolk avatars
  6 spriggan air magi
  A fenstrider witch skeleton (Crypt:1)
  A two-headed ogre (D:12)
  16 centaur warriors
  41 dancing weapons
  2 merfolk aquamancers (Shoals:4)
  2 torpor snails (shapeshifter)
  An orc high priest (Orc:2)
  6 boulder beetles
  A shock serpent (shapeshifter) (Vaults:5)
  6 deep troll earth magi
  5 hell hogs
  3 deep troll shamans
  5 tengu warriors
  10 naga sharpshooters
  8 vampire magi
  5 occultists
  3 shock serpents
  2 spriggan berserkers
  12 naga warriors
  A titan skeleton (Crypt:2)
  4 soul eaters
  3 hell knights
  8 skysharks
  19 deep elf knights
  4 shadow wraiths
  34 skeletal warriors
  A crystal echidna (Zig:1)
  3 salamander mystics
  2 sixfirhies
  2 sun demons (Depths:1)
  A storm dragon skeleton (Depths:2)
  Nergalle (D:11)
  2 deep trolls (shapeshifter)
  15 deep elf archers
  A glowing orange brain (Depths:1)
  6 iron trolls
  15 sea snakes
  2 sun moths (Zot:2)
  5 naga ritualists
  46 deep trolls
  An orange crystal statue (Zig:1)
  A shadow demon (Zot:3)
  9 arcanists
  An obsidian statue (Zig:1)
  18 lindwurms
  9 mana vipers
  8 bog bodies
  2 obsidian bats
  A wolf spider zombie (D:15)
  A steelbarb worm (shapeshifter) (Vaults:5)
  8 flayed ghosts
  20 ironbound convokers
  A lightning spire (Abyss:3)
  6 necromancers
  26 deep elf zephyrmancers
  8 orc knights
  A large abomination (Abyss:4)
  13 phantasmal warriors
  3 fauns (Shoals:2)
  34 ugly things
  23 deep elf pyromancers
  9 harpies
  8 shining eyes
  A thermic dynamo (Elf:1)
  12 orc sorcerers
  3 cyclopes
  A cyclops (shapeshifter) (Vaults:5)
  8 manticores
  A moth of wrath (shapeshifter) (Depths:2)
  18 moths of wrath
  2 frost giant skeletons (Depths:2)
  A kobold blastminer (Orc:2)
  A centaur zombie (D:15)
  6 meliai
  7 smoke demons
  11 elephants
  2 merfolk sirens (Shoals:4)
  39 salamanders
  16 vault sentinels
  29 black mambas
  3 water nymphs
  A formless jellyfish zombie (Crypt:1)
  3 gargoyles
  12 guardian serpents
  2 ice statues (Zig:1)
  A rust devil (Elf:2)
  3 eyes of devastation
  A molten gargoyle (Desolation)
  A hellion (Zig:1)
  10 naga magi
  3 kobold demonologists
  5 orange demons
  9 cane toads
  5 rime drakes
  8 komodo dragons
  6 freezing wraiths
  19 yaktaurs
  An efreet (D:15)
  A yaktaur (shapeshifter) (Vaults:5)
  3 tengu conjurers
  An ancient zyme (Abyss:3)
  Psyche (D:9)
  14 trolls
  3 ice devils
  A catoblepas skeleton (Crypt:2)
  A hellwing (Lair:5)
  A white draconian skeleton (Crypt:2)
  22 merfolk
  4 wind drakes
  32 guardian mummies (Crypt:3)
  A polar bear (shapeshifter) (D:15)
  62 saltlings (Desolation)
  7 hornets
  2 tyrant leeches (Zot:3)
  A jumping spider zombie (Crypt:3)
  A harpy skeleton (Crypt:1)
  20 blink frogs
  A death drake skeleton (Crypt:3)
  5 snapping turtles
  2 glass eyes (Slime:4)
  5 raiju
  5 dream sheep (Lair:3)
  A hydra skeleton (Crypt:1)
  2 centaur simulacra
  A fire dragon skeleton (Crypt:3)
  3 air elementals (Elf:1)
  7 wyverns
  11 water elementals
  95 slime creatures
  2 vampires
  A spriggan (shapeshifter) (D:12)
  7 ushabtiu (Crypt:3)
  A shadow (D:10)
  16 wraiths
  5 spriggans
  4 fire elementals
  9 golden eyes
  9 humans (Zot:1)
  71 yaks
  4 basilisks
  3 neqoxecs
  16 wargs
  2 steam dragons
  10 vampire mosquitoes
  An acid dragon (D:11)
  Edmund (D:4)
  17 water moccasins
  42 nagas
  Duvessa (D:4)
  6 hell hounds
  Pargi (D:4)
  A sky beast (D:7)
  42 orc warriors
  6 laughing skulls (Crypt:1)
  A black bear (shapeshifter) (Zig:6)
  11 ogres
  A small abomination (Abyss:3)
  15 wolves
  A hornet zombie (Crypt:2)
  9 boggarts
  12 centaurs
  3 kobold brigands
  5 gnoll sergeants
  3 bullfrogs
  5 earth elementals
  A scorpion (D:5)
  A cyclops zombie (Crypt:2)
  A polar bear zombie (Crypt:3)
  14 wights
  Dowan (D:4)
  A water moccasin skeleton (Crypt:2)
  2 howler monkeys (D:7)
  A yak skeleton (Crypt:3)
  A lava snake (D:10)
  2 hounds
  7 jellies
  2 gnoll boudas
  16 orc priests
  A sleepcap (D:6)
  An iguana (D:6)
  30 orc wizards
  6 hell rats (Lair:1)
  An acid dragon skeleton (Crypt:1)
  A boggart simulacrum (D:14)
  6 mummies (Crypt:3)
  A howler monkey skeleton (Crypt:3)
  6 adders
  18 gnolls
  A shadow imp (D:7)
  A steam dragon skeleton (Crypt:3)
  A ribbon worm zombie (Crypt:2)
  2 white imps (D:7)
  A dart slug (D:1)
  4 ribbon worms
  84 orcs
  A bat skeleton (Crypt:2)
  12 endoplasms
  5 giant cockroaches
  4 hobgoblins
  A quokka (D:2)
  9 ball pythons
  4 bats
  6 frilled lizards
  11 goblins
  A goblin skeleton (Crypt:1)
  6 kobolds
  6 rats
  A rat skeleton (Crypt:1)
  A lurking horror (Abyss:3)
  A starspawn tentacle (Abyss:4)
2602 creatures vanquished.

Vanquished Creatures (others)
  An Orb Guardian (Zot:5)
  A deep elf blademaster (Elf:3)
  2 ironbound preservers
  A stone giant (Vaults:5)
  A demonspawn black sun (Zig:5)
  A red draconian (Zot:5)
  An ettin (Depths:2)
  A salamander tyrant (Snake:4)
  A peacekeeper (Desolation)
  2 anacondas (Snake:4)
  A vampire mage (Depths:3)
  A naga sharpshooter (Snake:4)
  2 shock serpents (Snake:4)
  A spriggan berserker (Depths:2)
  A deep elf knight (Elf:1)
  2 salamander mystics (Snake:4)
  A deep troll (Vaults:1)
  A sun moth (Zot:2)
  A deep elf pyromancer (D:10)
  A lightning spire (Abyss:3)
  A deep elf zephyrmancer (Elf:1)
  A moth of wrath (Zot:2)
  4 black mambas (Snake:4)
  A guardian serpent (Snake:4)
  A vault sentinel (Vaults:5)
  2 orc warriors (Vaults:5)
  An orc wizard (Orc:1)
  2 orcs
  5 spectral weapons
  A starspawn tentacle (Abyss:4)
43 creatures vanquished.

Grand Total: 2645 creatures vanquished

Notes
Turn   | Place    | Note
-------+----------+-------------------------------------------
     0 | D:5      | BlackSun the Human Delver began the quest for the Orb.
     0 | D:5      | Reached XP level 1. HP: 18/18 MP: 1/1
   367 | D:4      | Noticed Pargi
   383 | D:5      | Noticed a scorpion
   545 | D:5      | Reached XP level 2. HP: 18/24 MP: 2/2
   645 | D:4      | Noticed Edmund
   712 | D:2      | Reached skill level 3 in Axes
   909 | D:2      | Reached XP level 3. HP: 29/29 MP: 3/3
  1478 | D:1      | Reached XP level 4. HP: 34/35 MP: 4/4
  2528 | D:3      | Reached XP level 5. HP: 32/41 MP: 5/5
  2988 | D:3      | Found a faded altar of an unknown god.
  3529 | D:4      | Noticed Duvessa
  3529 | D:4      | Noticed Dowan
  3579 | D:4      | Killed Pargi
  3580 | D:4      | Reached skill level 6 in Axes
  3580 | D:4      | Reached XP level 6. HP: 46/47 MP: 6/6
  3596 | D:4      | Killed Edmund
  3782 | D:4      | Reached XP level 7. HP: 49/52 MP: 7/7
  3951 | D:4      | Found a shimmering blue altar of Sif Muna.
  4394 | D:5      | Found a white marble altar of Elyvilon.
  4400 | D:5      | Found a hide-covered altar of Uskayaw.
  4403 | D:5      | Found a stormy altar of Qazlal.
  4569 | D:6      | Identified the +1 buckler of the Original Sin {rC+ rCorr
                  | Dex+2}
  4772 | D:6      | Reached skill level 1 in Invocations
  5026 | D:6      | Found a sparkling altar of Nemelex Xobeh.
  5067 | D:6      | Reached XP level 8. HP: 59/59 MP: 9/9
  5069 | D:6      | Identified the +6 rapier of Truncation {distort, rPois
                  | Int-5 SInv Stlth+}
  5368 | D:6      | Reached skill level 4 in Fighting
  5468 | D:6      | Reached skill level 9 in Axes
  5619 | D:6      | Found an iron altar of Okawaru.
  6165 | D:7      | Reached skill level 3 in Invocations
  6402 | D:7      | Found a staircase to the Ecumenical Temple.
  6412 | Temple   | Entered the Ecumenical Temple
  6451 | Temple   | Became a worshipper of Cheibriados the Contemplative
  6551 | D:7      | Found an opulent altar of Gozag.
  6556 | D:7      | Found an opulent altar of Gozag.
  6556 | D:7      | Found an opulent altar of Gozag.
  6576 | D:7      | Found an opulent altar of Gozag.
  6726 | D:7      | Found a burning altar of Makhleb.
  6801 | D:7      | Reached skill level 5 in Fighting
  6801 | D:7      | Reached XP level 9. HP: 55/68 MP: 10/12
  6960 | D:7      | Found an ancient bone altar of Kikubaaqudgha.
  7043 | D:7      | Found a broken altar of Ashenzari.
  7047 | D:7      | Saw a vision of the Shoals and the Snake Pit.
  7047 | D:7      | Noticed an anaconda
  7047 | D:7      | Noticed a sea snake
  7047 | D:7      | Noticed a manticore
  7047 | D:7      | Noticed a sea snake
  7047 | D:7      | Noticed a manticore
  7047 | D:7      | Noticed a black mamba
  7047 | D:7      | Noticed a guardian serpent
  7048 | D:7      | Noticed a manticore
  7048 | D:7      | Noticed a naga warrior
  7049 | D:7      | Noticed a manticore
  7228 | D:7      | Found the amulet of Elemental Vulnerability {rPois rF--
                  | rC-- AC+8}
  7651 | D:8      | Found a basalt altar of Yredelemnul.
  7695 | D:8      | Reached * piety under Cheibriados
  7884 | D:8      | Reached skill level 6 in Fighting
  7962 | D:8      | Reached skill level 6 in Invocations
  7968 | D:8      | Reached XP level 10. HP: 53/77 MP: 14/14
  8192 | D:8      | Reached skill level 7 in Fighting
  8263 | D:8      | Identified 2 scrolls of acquirement
  8369 | D:8      | Acquired the +3 helmet "Deuz" {Dex+4}
  8380 | D:9      | Noticed Psyche
  8383 | D:9      | Killed Psyche
  8383 | D:9      | Reached ** piety under Cheibriados
  8384 | D:9      | Reached skill level 12 in Axes
  8414 | D:9      | Found a staircase to the Lair.
  8970 | D:9      | Reached *** piety under Cheibriados
  9074 | D:9      | Found an ornate altar of the Wu Jian Council.
  9354 | D:9      | Acquired the +5 executioner's axe "Exkut" {spect, rF+ rC+
                  | Str+4}
  9369 | D:10     | Entered Level 10 of the Dungeon
  9491 | D:10     | Reached XP level 11. HP: 77/86 MP: 16/16
  9494 | D:10     | Reached skill level 8 in Fighting
 10996 | D:4      | Found a shimmering blue altar of Sif Muna.
 11064 | D:4      | Killed Duvessa
 11065 | D:4      | Killed Dowan
 11766 | D:11     | Found a staircase to the Orcish Mines.
 11783 | D:11     | Reached **** piety under Cheibriados
 12350 | D:11     | Noticed Nergalle
 12353 | D:11     | Killed Nergalle
 12353 | D:11     | Noticed a cyclops
 12360 | D:11     | Killed a cyclops
 12559 | D:11     | Reached skill level 9 in Invocations
 12638 | D:11     | Reached skill level 9 in Fighting
 12924 | Lair:1   | Entered Level 1 of the Lair of Beasts
 13234 | Lair:1   | Reached XP level 12. HP: 89/95 MP: 19/19
 13614 | Lair:2   | Reached ***** piety under Cheibriados
 13617 | Lair:2   | Noticed a catoblepas
 13617 | Lair:2   | Noticed an eight-headed hydra
 13628 | Lair:2   | Found a gate leading to a gauntlet.
 13821 | Lair:1   | Killed an eight-headed hydra
 14039 | Lair:2   | Killed a catoblepas
 14070 | Lair:2   | Reached skill level 15 in Axes
 14218 | Lair:2   | Identified the +2 long sword of Invincibility {freeze,
                  | rPois}
 14366 | Lair:2   | Reached skill level 10 in Fighting
 14874 | Lair:3   | Reached XP level 13. HP: 71/103 MP: 21/21
 15169 | Lair:3   | Found a staircase to the Shoals.
 15291 | Lair:3   | Identified the serpent talisman of Good Intentions {rElec
                  | Str+2 Dex-2 SInv}
 15538 | Lair:3   | Found a staircase to the Snake Pit.
 16123 | Lair:4   | Found a viscous altar of Jiyva.
 16124 | Lair:4   | Found a staircase to the Slime Pits.
 16188 | Lair:4   | Reached skill level 12 in Invocations
 16737 | Lair:5   | Entered Level 5 of the Lair of Beasts
 16833 | Lair:5   | Noticed Josephine
 16834 | Lair:5   | Reached ****** piety under Cheibriados
 16847 | Lair:5   | Killed Josephine
 17235 | Lair:5   | Reached skill level 18 in Axes
 17537 | Lair:5   | Reached XP level 14. HP: 75/110 MP: 22/24
 17838 | Lair:5   | Acquired 986 gold pieces
 17874 | Lair:5   | Reached skill level 1 in Armour
 17874 | Lair:5   | Reached skill level 1 in Shields
 18029 | Lair:5   | Found a burning altar of Makhleb.
 18041 | Lair:5   | Reached skill level 3 in Dodging
 18193 | Lair:5   | Found a gateway to Hell.
 18701 | Orc:1    | Entered Level 1 of the Orcish Mines
 18703 | Orc:1    | Paralysed by an orc sorcerer for 3 turns
 18959 | Orc:1    | Noticed an orc warlord
 18962 | Orc:1    | Reached skill level 3 in Armour
 18962 | Orc:1    | Reached skill level 3 in Shields
 19107 | Orc:1    | Killed an orc warlord
 19506 | Orc:2    | Entered Level 2 of the Orcish Mines
 19600 | Orc:1    | Paralysed by an orc sorcerer for 4 turns
 19757 | Orc:2    | Found a staircase to the Elven Halls.
 19946 | Orc:2    | Reached skill level 11 in Fighting
 20122 | Orc:2    | Found Ecrychilutt's Antique Armour Shoppe.
 20211 | Orc:2    | Found Deprea's Armour Emporium.
 20296 | Orc:2    | Found a roughly hewn altar of Beogh.
 20452 | Orc:2    | Found Rycwyaw's Assorted Antiques.
 20454 | Orc:2    | Found Adeoridgh's Assorted Antiques.
 20768 | D:12     | Reached XP level 15. HP: 119/119 MP: 25/25
 21149 | D:12     | Found a corrupted altar of Lugonu.
 21310 | D:13     | Found a broken altar of Ashenzari.
 21337 | D:13     | Found a runed translucent gate.
 21337 | D:13     | Found a runed translucent gate.
 21337 | D:13     | Found a runed translucent gate.
 21339 | D:13     | Noticed zurenarrh's ghost (journeyman FoEE)
 21341 | D:13     | Reached skill level 6 in Dodging
 21952 | D:13     | Noticed Azrael
 21961 | D:13     | Killed Azrael
 22284 | D:13     | Found a gate to the Vaults.
 22299 | D:13     | Reached skill level 6 in Armour
 22545 | D:13     | Reached skill level 6 in Shields
 23468 | D:14     | Found a glowing golden altar of the Shining One.
 23621 | D:15     | Entered Level 15 of the Dungeon
 23676 | D:15     | Reached skill level 12 in Fighting
 23928 | D:15     | Found an ornate altar of the Wu Jian Council.
 24446 | D:15     | Found a glowing silver altar of Zin.
 24446 | D:15     | Found a glowing golden altar of the Shining One.
 24446 | D:15     | Found a white marble altar of Elyvilon.
 24826 | Abyss:2  | Cast into level 2 of the Abyss (an occultist)
 24829 | D:15     | Escaped the Abyss
 24920 | D:15     | Found a staircase to the Depths.
 25051 | D:13     | Killed zurenarrh's ghost
 25395 | Orc:2    | Bought a runed tower shield for 247 gold pieces
 25428 | Orc:2    | Bought a scroll of brand weapon for 294 gold pieces
 25456 | Orc:2    | Paralysed by an orc sorcerer for 5 turns
 25706 | Snake:1  | Entered Level 1 of the Snake Pit
 25968 | Snake:1  | Reached XP level 16. HP: 129/129 MP: 26/26
 26705 | Snake:2  | Noticed a nagaraja
 26715 | Snake:2  | Killed a nagaraja
 26999 | Snake:2  | Reached skill level 13 in Fighting
 27096 | Snake:2  | Reached skill level 9 in Dodging
 27096 | Snake:2  | Reached skill level 9 in Shields
 27427 | Snake:2  | Found Hotudeawn's Magic Scroll Shoppe.
 27435 | Snake:2  | Bought a scroll of acquirement for 1040 gold pieces
 27435 | Snake:2  | Bought a scroll of enchant weapon for 150 gold pieces
 27435 | Snake:2  | Acquired the +0 pair of gloves of the Beggar {rC+ SInv}
 27742 | Snake:3  | Reached skill level 9 in Armour
 28093 | Snake:3  | Noticed Vashnia
 28104 | Snake:3  | Killed Vashnia
 28228 | Snake:3  | Reached XP level 17. HP: 137/137 MP: 27/27
 28279 | Snake:3  | Identified the serpent talisman "Corr" {*Slow rElec rF+
                  | rCorr}
 28279 | Snake:3  | Noticed Aizul
 28287 | Snake:3  | Killed Aizul
 28290 | Snake:3  | Found Analor's Armour Boutique.
 28335 | Snake:3  | Noticed Bai Suzhen
 28349 | Snake:3  | Killed Bai Suzhen
 29030 | Shoals:1 | Entered Level 1 of the Shoals
 29802 | Shoals:2 | You are sucked into a shaft and drop 1 floor!
 29929 | Shoals:2 | Identified the +1 chain mail of Otus {Rampage ^Drain rC+
                  | Dex+3}
 30375 | Shoals:2 | Found Yssior's Island Escapes.
 30383 | Shoals:2 | Bought a scroll of blinking for 127 gold pieces
 30383 | Shoals:2 | Bought a potion of invisibility for 136 gold pieces
 30694 | Shoals:3 | Reached skill level 14 in Fighting
 31539 | Shoals:4 | Entered Level 4 of the Shoals
 31674 | Shoals:4 | Found Cairphek's Mayhem Merchandise.
 31707 | Shoals:4 | Reached skill level 12 in Shields
 31894 | Shoals:4 | Found Taqod's Antique Armour Shop.
 31963 | Shoals:4 | Identified the +1 robe of Sewis {rF++ rC++ Str-2}
 32352 | Shoals:4 | Got a barnacled rune of Zot
 32452 | Shoals:4 | Reached XP level 18. HP: 133/147 MP: 23/28
 32660 | Shoals:4 | Found Teodosio's Dragon-Slaying Spoils.
 32766 | Shoals:4 | Got the Volume of the Rallied Fault
 33102 | Snake:4  | Entered Level 4 of the Snake Pit
 33868 | Snake:4  | Got a serpentine rune of Zot
 34019 | Snake:4  | Found Evvilih's Book Emporium.
 34020 | Snake:4  | Found Tiole's Jewellery Shop.
 34020 | Snake:4  | Found Niot Ohe's Jewellery Shop.
 34420 | Shoals:4 | Bought +0 gold dragon scales for 1760 gold pieces
 34661 | Vaults:1 | Entered Level 1 of the Vaults
 34777 | Vaults:1 | Reached skill level 15 in Fighting
 34919 | Vaults:1 | Reached skill level 12 in Dodging
 35003 | Vaults:1 | Reached XP level 19. HP: 155/155 MP: 18/29
 35022 | Vaults:1 | Found a flickering gateway to a bazaar.
 35028 | Bazaar   | Entered a bazaar
 35028 | Bazaar   | Found Fabalets's Antique Armour Shop.
 35028 | Bazaar   | Found Heloing's Antique Weapon Shop.
 35070 | Bazaar   | Found Quuwn's General Store.
 35078 | Bazaar   | Bought a potion of curing for 27 gold pieces
 35078 | Bazaar   | Bought a scroll of blinking for 67 gold pieces
 35165 | Vaults:1 | Reached skill level 12 in Armour
 35390 | Vaults:1 | Found a transporter.
 35433 | Vaults:1 | Found a transporter.
 36007 | Vaults:1 | Reached skill level 15 in Shields
 36083 | Vaults:1 | Got Sif Muna's Incunable of the Arsenical Sixfirhy
 36105 | Vaults:1 | Identified the ring "Ocwyjab" {rPois rC+ Will- Str+3 SInv}
 36149 | Vaults:1 | Identified the ring of Xiahij {rElec MP+9 Dex+3}
 36364 | Vaults:2 | Found a magical portal.
 36388 | WizLab   | Entered Tukima's Studio
 36517 | WizLab   | Identified the +5 triple crossbow "Yhiwk" {penet, SInv}
 36518 | WizLab   | Noticed a walking crystal tome
 36532 | WizLab   | Killed a walking crystal tome
 36566 | WizLab   | Noticed BlackSun's illusion
 36837 | WizLab   | Got the Compendium of the Oath
 37236 | Vaults:2 | Noticed Sojobo
 37256 | Vaults:2 | Killed Sojobo
 37257 | Vaults:2 | Reached skill level 16 in Fighting
 37664 | Vaults:2 | Reached XP level 20. HP: 164/164 MP: 30/30
 37773 | Vaults:2 | Noticed Nikola
 37796 | Vaults:2 | Killed Nikola
 38084 | Vaults:2 | Found a staircase to the Crypt.
 38289 | Vaults:2 | Noticed Xtahua
 38290 | Vaults:2 | Paralysed by Xtahua for 3 turns
 38315 | Vaults:2 | Killed Xtahua
 39146 | Vaults:3 | Paralysed by a formless jellyfish for 1 turns
 39264 | Vaults:3 | Found Xeppan's Book Shop.
 39273 | Vaults:3 | Found Nuinn's Armour Emporium.
 39559 | Vaults:3 | Found Deyty's Antique Weapon Emporium.
 39885 | Vaults:3 | Found Offuavaole's Magic Scroll Shoppe.
 40301 | Vaults:4 | Paralysed by a sphinx for 3 turns
 40306 | Vaults:4 | Reached XP level 21. HP: 88/173 MP: 20/32
 41103 | Vaults:4 | Reached skill level 17 in Fighting
 41578 | Elf:1    | Entered Level 1 of the Elven Halls
 41631 | Elf:1    | Reached skill level 15 in Invocations
 41839 | Elf:1    | Found Bam Laet's Assorted Antiques.
 41860 | Elf:1    | Found Nurph's Armour Shop.
 42177 | Elf:1    | Identified the +2 double sword of Conformity {flame, rF+}
 42339 | Elf:2    | Paralysed by an orc sorcerer for 5 turns
 42372 | Elf:2    | Found Liqus's Armour Boutique.
 42439 | Elf:2    | Found a runed translucent gate.
 42439 | Elf:2    | Found a runed translucent gate.
 42439 | Elf:2    | Found a runed translucent gate.
 42475 | Abyss:3  | Cast into level 3 of the Abyss (a deep elf sorcerer)
 42534 | Abyss:3  | Reached skill level 15 in Armour
 42586 | Abyss:3  | Got an abyssal rune of Zot
 42598 | Abyss:4  | Found a corrupted altar of Lugonu.
 42611 | Elf:2    | Escaped the Abyss
 42637 | Elf:2    | Found a crumbling gateway.
 42646 | Desolati | Entered the Desolation of Salt
 42655 | Desolati | Reached skill level 15 in Dodging
 42678 | Desolati | Reached skill level 18 in Shields
 42871 | Desolati | Identified the ring of Etumarao {Str+3 Int+6 Dex+2}
 43003 | Desolati | Identified the +2 scale mail of Rotation {Rampage *Corrode
                  | rN+ Will++}
 43010 | Desolati | Identified the ring of Yendor {rElec rF- Will++ Str+6
                  | Int-3}
 43039 | Desolati | Identified the +2 scale mail of the Hills {-Tele rCorr
                  | Str+3}
 43080 | Desolati | Identified the +7 scimitar "Eseixzub" {elec, +Blink Int-3
                  | Dex+4}
 43102 | Desolati | Reached XP level 22. HP: 129/172 MP: 26/33
 43405 | Desolati | Got the Secrets of Vehement Glamour
 43409 | Desolati | Got Sif Muna's Volume of Fever
 43412 | Desolati | Identified the +10 shortbow of Zaaq {freeze, rN+}
 43445 | Desolati | Identified the +0 plate armour of Vanity {Dex+5}
 43455 | Desolati | Got the Incunable of Location and the Sun
 43457 | Desolati | Identified the amulet of Viasmuq {Rampage rF++ rC- Regen+
                  | Stlth+}
 44173 | Elf:2    | Reached skill level 18 in Fighting
 44287 | Elf:2    | Noticed Saint Roka
 44336 | Elf:2    | Killed Saint Roka
 44608 | Elf:3    | Entered Level 3 of the Elven Halls
 44645 | Elf:3    | Found Xuexikk's Book Emporium.
 44880 | Abyss:4  | Found a corrupted altar of Lugonu.
 44880 | Abyss:4  | Cast into level 4 of the Abyss (a deep elf sorcerer)
 44883 | Abyss:4  | Found a corrupted altar of Lugonu.
 44895 | Elf:3    | Escaped the Abyss
 45061 | Abyss:4  | Cast into level 4 of the Abyss (a deep elf sorcerer)
 45068 | Abyss:4  | Found a corrupted altar of Lugonu.
 45114 | Elf:3    | Escaped the Abyss
 45662 | Elf:3    | Found the +10 tower shield of Ignorance {rN+ Int-4}
 45663 | Elf:3    | Found the +5 scythe "Finisher" {speed, execute}
 45800 | Elf:3    | Identified the ring of Xom's Fair Game {rElec rPois Will-
                  | MP+9 Str+5}
 45822 | Elf:3    | Identified the amulet "Qolyp" {Acrobat rC+ Dex+4}
 45839 | Elf:3    | Identified the +2 cloak of Lifelessness {Will++}
 45841 | Elf:3    | Identified the +11 hand axe of a Gauntlet {freeze, Int+3}
 45850 | Elf:3    | Identified the +6 scale mail of Articulation {Regen+ Int+3}
 45859 | Elf:3    | Identified the +4 quarterstaff of Fate {flame, Str+4}
 45872 | Elf:3    | Acquired the amulet "Ytiseroz" {-Cast rF++ Regen+ Dex+4}
 45887 | Elf:3    | Identified the staff of Benevolence {rN+ Necro Alchemy}
 45889 | Elf:3    | Identified the ring of Liberty {rPois rF+ Will+ rCorr
                  | Dex-4}
 45896 | Elf:3    | Identified the +7 plate armour of Plasticity {Fly Int+2
                  | SInv}
 45898 | Elf:3    | Identified the +6 sling "Ufylenn" {flame, Int+5}
 46225 | Slime:1  | Entered Level 1 of the Pits of Slime
 47017 | Slime:1  | Reached skill level 18 in Armour
 47253 | Slime:4  | Reached XP level 23. HP: 186/192 MP: 34/34
 47346 | Slime:4  | Found a viscous altar of Jiyva.
 47597 | Slime:2  | Gained mutation: You are dopey. (Int -2) [a shining eye]
 47599 | Slime:2  | Gained mutation: You are occasionally teleported next to
                  | monsters. [a shining eye]
 47681 | Slime:5  | Entered Level 5 of the Pits of Slime
 47903 | Slime:4  | Gained mutation: You are very dopey. (Int -4) [a shining
                  | eye]
 47911 | Slime:4  | Gained mutation: You are weak. (Str -2) [a shining eye]
 48055 | Slime:3  | Reached skill level 19 in Fighting
 48058 | Slime:3  | Gained mutation: You have hidden genetic defects. [a
                  | shining eye]
 48063 | Slime:3  | Gained mutation: You are vulnerable to cold. (rC-) [a
                  | shining eye]
 48065 | Slime:3  | Gained mutation: You have terrible hidden genetic defects.
                  | [a shining eye]
 48226 | Slime:5  | Gained mutation: You are very weak. (Str -4) [a shining
                  | eye]
 48226 | Slime:5  | Gained mutation: Your spells are a little easier to cast,
                  | but a little less powerful. [a shining eye]
 48228 | Slime:5  | Gained mutation: Your health recovers twice as slowly from
                  | being drained. [a shining eye]
 48230 | Slime:5  | Gained mutation: Armour fits poorly on your strangely
                  | shaped body. [a shining eye]
 48349 | Slime:5  | Gained mutation: Your spells are easier to cast, but less
                  | powerful. [a shining eye]
 48380 | Slime:5  | Found a viscous altar of Jiyva.
 48421 | Slime:5  | Found the +7 great mace "Firestarter" {flame, immolate,
                  | rFlCloud rF++}
 49015 | Slime:5  | Noticed the Royal Jelly
 49036 | Slime:5  | Killed the Royal Jelly
 49079 | Slime:5  | Identified the ring of Moral Flaws {rElec rPois rC- Int+3
                  | Dex+6}
 49085 | Slime:5  | Got a slimy rune of Zot
 49089 | Slime:5  | Got Wemul's Handbook of Tectonic Places
 49146 | Slime:5  | Got the Guide on Vexing Unhallowed Mysteries
 49159 | Slime:5  | Identified the +8 scale mail "Lesion" {rC+ Will+ Int+2}
 49160 | Slime:5  | Identified the +1 leather armour of the Ego {+Inv rF++
                  | Str-4 Int+3}
 49196 | Slime:5  | Identified the ring of Tyufys {rPois Dex+2}
 49207 | Slime:5  | Got the Tome of the Postmortem Escort
 49393 | D:9      | Acquired the +4 consecrated labrys {holy, Valiant ^Fragile
                  | Fly SInv}
 49393 | D:9      | Found the +4 consecrated labrys {holy, Valiant ^Fragile Fly
                  | SInv}
 49573 | Crypt:1  | Entered Level 1 of the Crypt
 49603 | Crypt:1  | Gained mutation: You sometimes lose your temper in combat.
                  | [hidden defects]
 49851 | Crypt:1  | Found an ancient bone altar of Kikubaaqudgha.
 50308 | Crypt:2  | Gained mutation: Your body sometimes deteriorates upon
                  | taking damage. [hidden defects]
 50308 | Crypt:2  | Lost mutation: You have terrible hidden genetic defects.
                  | [hidden defects expressed]
 50309 | Crypt:2  | Lost mutation: You have hidden genetic defects. [potion of
                  | mutation]
 50309 | Crypt:2  | Lost mutation: Your health recovers twice as slowly from
                  | being drained. [potion of mutation]
 50309 | Crypt:2  | Lost mutation: You are very weak. (Str -4) [potion of
                  | mutation]
 50309 | Crypt:2  | Lost mutation: Armour fits poorly on your strangely shaped
                  | body. [potion of mutation]
 50486 | Crypt:2  | Identified the +2 robe of Terrible the Leaf {Harm rF+
                  | Stlth-}
 50486 | Crypt:2  | Noticed Boris
 50497 | Crypt:2  | Killed Boris
 50633 | Crypt:2  | Reached XP level 24. HP: 203/203 MP: 34/34
 51359 | Crypt:3  | Entered Level 3 of the Crypt
 51608 | Crypt:3  | Noticed a royal mummy
 51616 | Crypt:3  | HP: 8/197 [phantasmal warrior[a mummy priest] (12)]
 51617 | Crypt:3  | Identified the +3 rapier "Cojokuux" {vamp, rPois Will++}
 51698 | Crypt:3  | Killed a royal mummy
 51773 | Crypt:3  | Identified the ring "Mecircha" {rPois rF+++ Int+6 Dex-2}
 51783 | Crypt:3  | Reached skill level 20 in Fighting
 51789 | Crypt:3  | Reached skill level 18 in Dodging
 52001 | Crypt:3  | Found a staircase to the Tomb.
 52989 | Depths:1 | Entered Level 1 of the Depths
 52989 | Depths:1 | Found a shimmering altar of Xom.
 53147 | Depths:1 | Found a stormy altar of Qazlal.
 53362 | Depths:1 | Noticed Norris
 53382 | Depths:1 | Killed Norris
 53930 | Depths:2 | Noticed Vv
 53981 | Depths:2 | Killed Vv
 53982 | Depths:2 | Reached XP level 25. HP: 212/212 MP: 34/34
 54040 | Depths:2 | Reached skill level 21 in Shields
 54122 | Depths:2 | Identified the staff of a bailey {rC+ Int+3 Dex+3 Ice}
 54342 | Depths:2 | Identified the +2 arbalest "Zudyicuh" {heavy, ^Drain rPois
                  | Will- Stlth+}
 54626 | Depths:2 | Found a one-way gate to the infinite horrors of the Abyss.
 54673 | Depths:2 | Found a one-way gate leading to the halls of Pandemonium.
 54744 | Depths:3 | Noticed Mennas
 54765 | Depths:3 | Killed Mennas
 54938 | Depths:3 | Reached skill level 21 in Armour
 55012 | Depths:3 | Lost mutation: You are occasionally teleported next to
                  | monsters. [potion of mutation]
 55012 | Depths:3 | Lost mutation: You are vulnerable to cold. (rC-) [potion of
                  | mutation]
 55012 | Depths:3 | Gained mutation: You have hidden genetic defects. [potion
                  | of mutation]
 55286 | Depths:3 | Found a one-way gateway to a ziggurat.
 55368 | Depths:3 | Reached skill level 21 in Fighting
 55614 | Depths:3 | Got Sif Muna's Handbook of the Torch and the Deep Freeze
 55821 | Depths:4 | Entered Level 4 of the Depths
 55849 | Depths:4 | Found Ilarph's Jewellery Boutique.
 55854 | Depths:4 | Found Gattoderiev's Distillery.
 55861 | Depths:4 | Bought a potion of mutation for 104 gold pieces
 55861 | Depths:4 | Bought a potion of mutation for 104 gold pieces
 55861 | Depths:4 | Bought a potion of heal wounds for 65 gold pieces
 55863 | Depths:4 | Lost mutation: You sometimes lose your temper in combat.
                  | [potion of mutation]
 55863 | Depths:4 | Lost mutation: You are very dopey. (Int -4) [potion of
                  | mutation]
 55863 | Depths:4 | Gained mutation: You are agile. (Dex +4, Str/Int -1)
                  | [potion of mutation]
 55863 | Depths:4 | Gained mutation: Your body often deteriorates upon taking
                  | damage. [potion of mutation]
 55864 | Depths:4 | Lost mutation: Your spells are easier to cast, but less
                  | powerful. [potion of mutation]
 55864 | Depths:4 | Lost mutation: You are dopey. (Int -2) [potion of mutation]
 55864 | Depths:4 | Lost mutation: Your spells are a little easier to cast, but
                  | a little less powerful. [potion of mutation]
 55941 | Depths:4 | Lost mutation: You are agile. (Dex +4, Str/Int -1) [hidden
                  | defects]
 56012 | Depths:4 | Found a gate to the Realm of Zot.
 56519 | Depths:4 | Found a shadowy altar of Dithmenos.
 56958 | Zig:1    | Entered Level 1 of a ziggurat
 57001 | Zig:2    | Entered Level 2 of a ziggurat
 57048 | Zig:3    | Entered Level 3 of a ziggurat
 57072 | Zig:3    | Identified the +10 short sword of Peace {freeze, +Blink rF-
                  | rN+}
 57077 | Zig:4    | Entered Level 4 of a ziggurat
 57080 | Zig:4    | Noticed a juggernaut
 57096 | Zig:4    | Killed a juggernaut
 57110 | Zig:5    | Entered Level 5 of a ziggurat
 57153 | Zig:5    | Gained mutation: You are clumsy. (Dex -2) [hidden defects]
 57153 | Zig:5    | Lost mutation: You have hidden genetic defects. [hidden
                  | defects expressed]
 57198 | Zig:6    | Entered Level 6 of a ziggurat
 57205 | Zig:6    | Found the +7 lajatang of Order {silver, rMut}
 57237 | Zig:7    | Entered Level 7 of a ziggurat
 57242 | Zig:7    | Found the +6 Majin-Bo {spellvamp, MP+6 Int+6}
 57269 | Zig:7    | Reached XP level 26. HP: 168/216 MP: 32/34
 57320 | Zig:8    | Entered Level 8 of a ziggurat
 57325 | Zig:8    | Noticed Laconn the pandemonium lord
 57707 | Vaults:5 | Entered Level 5 of the Vaults
 57736 | Vaults:5 | Identified the +3 robe of Tietir {Str+4 Stlth-}
 57736 | Vaults:5 | Noticed Boris
 57758 | Vaults:5 | Killed Boris
 57851 | Vaults:5 | Identified the amulet "Hunkemop" {Faith Str+4}
 57865 | Vaults:5 | Identified the ring "Peassympur" {Fire Will+}
 57874 | Vaults:5 | Identified the +7 rapier of Aploivoq {protect, Fly rC+
                  | Str+3 Dex+3}
 57906 | Vaults:5 | Reached skill level 22 in Fighting
 57946 | Vaults:5 | Identified the +0 plate armour "Havvipsa" {rPois Dex+2
                  | SInv}
 58033 | Vaults:5 | Identified the +3 short sword of Governance {freeze, Str+3
                  | SInv}
 58053 | Vaults:5 | Identified the +11 great sword "Rewnorch" {freeze, Will++}
 58222 | Vaults:5 | Identified the +1 glaive of the Blessed Realm {vamp, rElec
                  | Int+4}
 58354 | Vaults:5 | Got a silver rune of Zot
 59501 | Vaults:3 | Bought a scroll of brand weapon for 199 gold pieces
 59752 | Zot:1    | Entered Level 1 of the Realm of Zot
 59816 | Zot:1    | Noticed a Killer Klown
 59835 | Zot:1    | Killed a Killer Klown
 59900 | Zot:1    | Reached XP level 27. HP: 233/233 MP: 34/34
 60216 | Zot:1    | Reached skill level 23 in Fighting
 60403 | Zot:1    | Reached skill level 21 in Dodging
 60412 | Zot:1    | Identified the ring of the Devil's Advocate {Will++ MP-9
                  | Str+6}
 60998 | Zot:2    | Noticed an orb of fire
 61017 | Zot:2    | Gained mutation: You are very clumsy. (Dex -4) [an orb of
                  | fire]
 61019 | Zot:2    | Gained mutation: You are frail. (-10% HP) [an orb of fire]
 61024 | Zot:2    | Gained mutation: You occasionally lose the ability to read
                  | scrolls when taking damage. [an orb of fire]
 61028 | Zot:2    | Gained mutation: Your mind is acute. (Int +4, Str/Dex -1)
                  | [an orb of fire]
 61035 | Zot:2    | Gained mutation: You are vulnerable to heat. (rF-) [an orb
                  | of fire]
 61038 | Zot:2    | Killed an orb of fire
 61042 | Zot:2    | Paralysed by a sphinx for 4 turns
 61132 | Zot:2    | Reached skill level 24 in Fighting
 61310 | Zot:2    | You are sucked into a shaft and drop 2 floors!
 61555 | Zot:3    | Noticed Dety Ygi's ghost (veteran MiMo)
 61563 | Zot:3    | Found a transporter.
 62067 | Zot:3    | Reached skill level 24 in Shields
 62193 | Zot:3    | Found a transporter.
 62350 | Zot:3    | Reached skill level 25 in Fighting
 63442 | Zot:4    | Reached skill level 24 in Armour
 64666 | Zot:5    | Entered Level 5 of the Realm of Zot
 64960 | Zot:5    | Noticed an ancient lich
 64971 | Zot:5    | Noticed an ancient lich
 64973 | Zot:5    | Noticed an ancient lich
 64989 | Zot:5    | Killed an ancient lich
 65007 | Zot:5    | Killed an ancient lich
 65013 | Zot:5    | Killed an ancient lich
 65186 | Zot:5    | Noticed an orb of fire
 65193 | Zot:5    | Gained mutation: Armour fits poorly on your strangely
                  | shaped body. [an orb of fire]
 65195 | Zot:5    | Gained mutation: You sometimes lose your temper in combat.
                  | [an orb of fire]
 65197 | Zot:5    | Killed an orb of fire
 65761 | Zot:5    | Noticed an orb of fire
 65761 | Zot:5    | Noticed an orb of fire
 65764 | Zot:5    | Noticed an orb of fire
 65810 | Zot:5    | Noticed an orb of fire
 65823 | Zot:5    | Gained mutation: You have an uncontrollable temper. [an orb
                  | of fire]
 65824 | Zot:5    | Lost mutation: You are frail. (-10% HP) [an orb of fire]
 65825 | Zot:5    | Killed an orb of fire
 65913 | Zot:5    | Gained mutation: You occasionally shout uncontrollably at
                  | your foes. [an orb of fire]
 65916 | Zot:5    | Gained mutation: Potions are less effective at restoring
                  | your health. [an orb of fire]
 65928 | Zot:5    | Killed an orb of fire
 65928 | Zot:5    | Gained mutation: Your health recovers twice as slowly from
                  | being drained. [an orb of fire]
 65929 | Zot:5    | Gained mutation: You sometimes lose the ability to read
                  | scrolls when taking damage. [an orb of fire]
 65938 | Zot:5    | Gained mutation: You are very weak. (Str -4) [an orb of
                  | fire]
 65954 | Zot:5    | Gained mutation: You are occasionally teleported next to
                  | monsters. [an orb of fire]
 65965 | Zot:5    | Killed an orb of fire
 66108 | Zot:5    | Noticed an orb of fire
 66111 | Zot:5    | Killed an orb of fire
 66120 | Zot:5    | Noticed an orb of fire
 66123 | Zot:5    | Lost mutation: You are very weak. (Str -4) [an orb of fire]
 66126 | Zot:5    | Gained mutation: Your magical capacity is low. (-10% MP)
                  | [an orb of fire]
 66131 | Zot:5    | Killed an orb of fire
 66258 | Zot:5    | Reached skill level 26 in Fighting
 66487 | Zot:5    | Lost mutation: Your health recovers twice as slowly from
                  | being drained. [potion of mutation]
 66487 | Zot:5    | Lost mutation: You are very clumsy. (Dex -4) [potion of
                  | mutation]
 66500 | Zot:5    | Lost mutation: You are weak. (Str -2) [potion of mutation]
 66500 | Zot:5    | Lost mutation: Armour fits poorly on your strangely shaped
                  | body. [potion of mutation]
 66500 | Zot:5    | Lost mutation: You have an uncontrollable temper. [potion
                  | of mutation]
 66500 | Zot:5    | Lost mutation: You sometimes lose your temper in combat.
                  | [potion of mutation]
 66501 | Zot:5    | Lost mutation: You sometimes lose the ability to read
                  | scrolls when taking damage. [potion of mutation]
 66501 | Zot:5    | Lost mutation: You occasionally shout uncontrollably at
                  | your foes. [potion of mutation]
 66501 | Zot:5    | Lost mutation: Your magical capacity is low. (-10% MP)
                  | [potion of mutation]
 66501 | Zot:5    | Lost mutation: Your mind is acute. (Int +4, Str/Dex -1)
                  | [potion of mutation]
 66501 | Zot:5    | Lost mutation: You are occasionally teleported next to
                  | monsters. [potion of mutation]
 66502 | Zot:5    | Got the Orb of Zot
 66524 | Zot:5    | Noticed Tokkil the pandemonium lord
 67067 | D:3      | Prayed at the altar of an unknown god.
 67067 | D:3      | Fell from the grace of Cheibriados
 67067 | D:3      | Became a worshipper of Dithmenos the Shadowed
 67067 | D:3      | Reached * piety under Dithmenos
 67093 | D:3      | Noticed Umyl Iff the pandemonium lord
 67113 | D:$      | Escaped with the Orb!

Illustrated notes

Levels and vault maps discovered:
D:1:      pf_arrival_petrified_forest, layout_basic,
          hangedman_decor_diamond_cutter
D:2:      layout_loops_ring
D:3:      layout_loops_ring, shapermc_ecumenical_altar_petra,
          due_unseen_surprise
D:4:      layout_gridville, mainiacjoe_overflow_cross_hatched, uniq_edmund,
          uniq_pargi, uniq_duvessa
D:5:      layout_loops_ring, minmay_overflow_temple_star_quad
D:6:      layout_loops_corners, mainiacjoe_overflow_brackets,
          kennysheep_little_box, nicolae_figureground_pulse
D:7:      layout_layer_cave, nicolae_gozag_conspicuous_consumption,
          grunt_ashenzari_visionary [grunt_ashenzari_visionary_shoals,
          grunt_ashenzari_visionary_snake], nicolae_overflow_hidden_temple,
          mainiacjoe_overflow_small_starburst, minmay_temple_entry_glass
D:8:      layout_rooms, mainiacjoe_overflow_surrounded_room
D:9:      layout_irregular_city, mainiacjoe_overflow_six_doors_small,
          lair_entry_dummy, uniq_psyche
D:10:     lemuel_flame_loot_2, layout_loops_corners
D:11:     layout_loops_corners, kennysheep_orc_monster_closet_entryway,
          uniq_nergalle
D:12:     layout_rooms, marbit_kobold_abyssish
D:13:     layout_basic, david_vaults_1, maelrawn_ghost_gauntlet_escape,
          nicolae_ashenzari_skybound, uniq_azrael
D:14:     layout_basic, nicolae_tso_carved_into_rock
D:15:     grunt_enter_depths_magical_seal, layout_loops_ring,
          good_gods_mini_temple, nicolae_wu_jian_glorious_leap
Temple:   hellmonk_temple_beads
Lair:1:   layout_cave_shapes, serial_forest, infiniplex_forest_lined_1,
          infiniplex_forest_corner_1, infiniplex_forest_lined_3_way,
          infiniplex_forest_zigzag_1, infiniplex_forest_straight_4,
          infiniplex_forest_end_2, infiniplex_staircase_pool
Lair:2:   beast_lair_carwin_large_2, layout_hall_layers, gauntlet_entry_generic,
          lemuel_fruit_fields
Lair:3:   layout_chaotic_city, minmay_shoals_entry_beasts,
          nicolae_snake_entry_squirm, grunt_megastairs_4
Lair:4:   layout_regular_city, nicolae_slime_entry_slimehenge,
          serial_bayou_shore_b
Lair:5:   evil_forest, layout_regular_city, uniq_josephine
Shoals:1: layout_shoals
Shoals:2: layout_shoals, nicolae_island_escapes
Shoals:3: layout_shoals
Shoals:4: shoals_end_grunt_ice, layout_shoals, serial_shops,
          nicolae_shop_tiny_real_fake_doors, nicolae_shop_dragon_depot,
          minmay_shop_mayhem
Snake:1:  layout_honeycomb, lemuel_fruit_tree
Snake:2:  layout_grid_maze, serial_shops, shop, serial_bayou_lagoon_a,
          st_stairs_12, serial_bayou_ford_a
Snake:3:  layout_cave_town, serial_shops, shop, uniq_vashnia, uniq_aizul,
          uniq_bai_suzhen
Snake:4:  grunt_snake_rune_pools, layout_onion_interference,
          nicolae_snake_gridmaze_swirls, serial_library_regret_index_split_case,
          minmay_shop_grove
Slime:1:  layout_caves, cheibrodos_slime_lost_civilization_4
Slime:2:  layout_caves
Slime:3:  layout_caves
Slime:4:  layout_caves, basic_altar
Slime:5:  slime_pit_nicolae_block_by_block
Orc:1:    layout_caves
Orc:2:    st_orc_town, layout_diamond_mine
Elf:1:    eino_elf_arrival_shootout, layout_geoelf_diagonals, serial_shops,
          nicolae_shop_gibbet_a_chance, shop, kennysheep_underground_church
Elf:2:    elven_hall_of_blades_hangedman_original [nicolae_blade_tridents],
          layout_loops_cross, portal_desolation_entry_garden, serial_shops,
          shop, uniq_saint_roka
Elf:3:    minmay_elf_hall_curves, layout_gridlike, serial_shops,
          nicolae_shop_back_alley_shop, minmay_misc_feat_columns, st_stairs_6,
          serial_library_hellmonk_room_b, nicolae_wwwww
Vaults:1: v_misc_11, hangedman_vaults_nails, nicolae_vaults_asterisk,
          gammafunk_dig_for_victory, vaults_room_door_ring, v_rooms_3,
          nicolae_vaults_shrinking_rooms_1, ontoclasm_vaults_spin,
          vaults_room_door_ring, nicolae_vaults_sealed_display,
          nicolae_vaults_tetromino_Z_1, layout_vaults_maze_bifur, serial_shops,
          bzr_entry_islet
Vaults:2: infiniplex_enter_wizlab_glasses, minmay_crypt_entry_simple_round,
          v_pattern_1, hangedman_vaults_pinch,
          nicolae_vaults_network_quinsquares
          [nicolae_vaults_network_quincunx_subvault,
          nicolae_vaults_network_quincunx_subvault,
          nicolae_vaults_network_quincunx_subvault,
          nicolae_vaults_network_quincunx_subvault],
          nicolae_vaults_network_barrier, nicolae_vaults_double_plus_3,
          nicolae_vaults_spaceships, nicolae_vaults_tangram_1,
          nicolae_vaults_enemy_cabinets, layout_vaults_omnicross, uniq_sojobo,
          uniq_nikola, uniq_xtahua
Vaults:3: nicolae_vaults_disjoint_gnomons, nicolae_vaults_big_ls,
          nicolae_vaults_heart-shaped_vault, ontoclasm_vaults_fault,
          vaults_room_grid, vaults_mumra_hex, nicolae_vaults_six-pack,
          layout_vaults_omnigrid, serial_shops, nicolae_shop_just_a_little_nook,
          nicolae_shop_back_alley_shop, shop, nicolae_shop_waterfront
Vaults:4: nicolae_vaults_closet_pinwheel_4, v_misc_27, nicolae_vaults_house_2,
          nicolae_vaults_storage_room_glass, vaults_room_hallway,
          layout_vaults_chaotic_city
Vaults:5
Crypt:1:  layout_rooms, basic_altar, uniq_josephina
Crypt:2:  layout_catacombs, uniq_boris
Crypt:3:  due_elkab, layout_chaotic_city, tomb_entry_forgotten_bobbens
Depths:1: layout_honeycomb, xom_teletrap_fun, hellmouth_3, grunt_qazlal_clouds,
          serial_bayou_shore_b, uniq_norris
Depths:2: minmay_triangles_in_corner, layout_cave_shapes,
          minmay_misc_feat_plants, hell_entry, grunt_pan_entry_in_and_out,
          abyss_entry_crystal, nicolae_tricolors, uniq_vv
Depths:3: minmay_the_grid_3x3 [minmay_the_grid_minigrid_large,
          minmay_the_grid_gridbox, minmay_the_grid_square_x,
          minmay_the_grid_minigrid_medium, minmay_the_grid_diamond_grid,
          minmay_the_grid_aliased_spiral, minmay_the_grid_expand,
          minmay_the_grid_odd_star, minmay_the_grid_prize_diamond_cup],
          layout_honeycomb, enter_ziggurat_e, hellmouth_1,
          abyss_entry_small_statue_room, uniq_parghit, uniq_mennas
Depths:4: evilmike_zot_entry_basic, layout_basic, hangedman_tar_grid_catacomb,
          nicolae_dithmenos_the_darkroom, serial_bayou_shore_b, minmay_shop_star
Zot:1:    circus_mu, layout_gridlike
Zot:2:    hangedman_zot_vaults_quadrants, layout_onion_interference
Zot:3:    kennysheep_room_grid, layout_basic, gammafunk_ghost_arena
Zot:4:    cheibrodos_zot_enchanting_chambers, layout_gridlike
Zot:5:    layout_twisted_circle, grunt_ministairs_2

Skill      XL: |  1  2  3  4  5  6  7  8  9 10 11 12 13 14 15 16 17 18 19 20 21 22 23 24 25 26 27 |
---------------+----------------------------------------------------------------------------------+-----
Axes           | 3 4 5 6 7 8 9 11 12 14 16 18 | 18.0
Invocations    | 1 4 6 7 9 11 13 14 15 | 15.0
Fighting       | 5 6 7 9 10 11 12 13 14 15 16 17 18 19 20 21 22 26 | 26.0
Armour         | 5 7 9 10 11 13 14 15 18 19 20 21 22 25 | 25.0
Shields        | 5 7 10 12 14 16 17 18 19 20 21 22 25 | 25.2
Dodging        | 5 8 9 11 12 13 14 15 16 17 18 19 20 23 | 23.4
Stealth        | |  5.0

Action                     |  1- 3 |  4- 6 |  7- 9 | 10-12 | 13-15 | 16-18 | 19-21 | 22-24 | 25-27 || total
---------------------------+-------+-------+-------+-------+-------+-------+-------+-------+-------++-------
  Melee: Hand axe          |   131 |   188 |     8 |       |       |       |       |       |       ||   327
         Flail             |       |       |   274 |   166 |       |       |       |       |       ||   440
         Executioner's axe |       |       |       |   162 |   472 |       |       |       |       ||   634
         Broad axe         |       |       |       |       |    13 |  1192 |  1358 |  1090 |  2719 ||  6372
         Unarmed           |       |       |       |       |       |       |    25 |     3 |       ||    28
         Labrys            |       |       |       |       |       |       |       |   551 |       ||   551
 Invoke: Slouch            |       |       |       |     2 |       |     4 |     2 |     1 |     1 ||    10
         Step From Time    |       |       |       |       |       |     1 |       |     3 |     1 ||     5
  Evoke: Wand              |     6 |    17 |    19 |    12 |    20 |       |     8 |       |     9 ||    91
    Use: Scroll            |     1 |       |     7 |     8 |    23 |    13 |     5 |    15 |    20 ||    92
         Potion            |       |     1 |       |       |     1 |     5 |     1 |     2 |    21 ||    31
   Stab: Sleeping          |     5 |     8 |       |       |       |       |       |       |       ||    13
         Distracted        |       |       |       |     4 |    11 |       |     3 |       |       ||    18
         Petrifying        |       |       |       |     1 |       |       |       |       |       ||     1
         Petrified         |       |       |       |     1 |       |       |       |       |       ||     1
         Invisible         |       |       |       |       |       |    23 |       |       |       ||    23
         Confused          |       |       |       |       |       |       |     1 |       |       ||     1
 Armour: Ring mail         |    82 |    99 |       |       |       |       |       |       |       ||   181
         Chain mail        |       |    30 |    43 |       |       |       |       |       |       ||    73
         Plate armour      |       |       |   192 |   432 |   623 |   458 |       |       |       ||  1705
         Gold dragon scale |       |       |       |       |       |    81 |   481 |   440 |  1110 ||  2112
         Skin              |       |       |       |       |       |       |     7 |     5 |       ||    12
  Dodge: Dodged            |    55 |    83 |    89 |   169 |   429 |   531 |   670 |   749 |  1897 ||  4672
         Repelled          |       |       |       |       |       |    82 |    86 |    64 |   228 ||   460
  Block: Buckler           |       |       |    65 |    54 |       |       |       |       |       ||   119
         Tower shield      |       |       |       |       |    16 |  1782 |  1760 |  2123 |  4598 || 10279
         Reflection        |       |       |       |       |     1 |   162 |   160 |    57 |   109 ||   489

Table legend: (Time is in decaauts)
 A = Elapsed time spent in this place.
 B = Non-inter-level travel time spent in this place.
 C = Inter-level travel time spent in this place.
 D = Time resting spent in this place.
 E = Time spent auto-exploring this place.
 F = Levels seen in this place.
 G = Mean time per level.
                   A        B        C        D        E       F      G
               +--------+--------+--------+--------+--------+-----+--------+
         Total | 103233 |  87861 |  15372 |   6497 |  66368 |  72 | 1433.8 |
       Dungeon |  26177 |  21022 |   5155 |   2712 |  15675 |  15 | 1745.1 |
        Temple |     87 |      1 |     86 |      0 |      0 |   1 |   87.0 |
          Lair |  10511 |   8387 |   2124 |   1028 |   6420 |   5 | 2102.2 |
        Shoals |   6685 |   6121 |    564 |      8 |   5260 |   4 | 1671.2 |
     Snake Pit |   7148 |   6527 |    621 |    465 |   4945 |   4 | 1787.0 |
    Slime Pits |   5070 |   4293 |    777 |     15 |   3532 |   5 | 1014.0 |
  Orcish Mines |   2744 |   2164 |    580 |    150 |   1632 |   2 | 1372.0 |
   Elven Halls |   5297 |   4778 |    519 |     12 |   3837 |   3 | 1765.7 |
        Vaults |  12499 |  10195 |   2304 |    179 |   8224 |   5 | 2499.8 |
         Crypt |   5427 |   4949 |    478 |    608 |   3391 |   3 | 1809.0 |
        Depths |   8040 |   6686 |   1354 |    170 |   5488 |   4 | 2010.0 |
           Zot |  10241 |   9438 |    803 |    809 |   6332 |   5 | 2048.2 |
         Abyss |    315 |    315 |      0 |     21 |      0 |   5 |   63.0 |
      Ziggurat |    481 |    481 |      0 |      7 |    259 |   8 |   60.1 |
        Bazaar |    139 |    139 |      0 |      0 |     94 |   1 |  139.0 |
        Wizlab |    802 |    802 |      0 |    240 |    247 |   1 |  802.0 |
    Desolation |   1563 |   1563 |      0 |     73 |   1028 |   1 | 1563.0 |
               +--------+--------+--------+--------+--------+-----+--------+

Top non-repeatable levels by time:
Vaults:2: 3606 daAuts
    D:13: 3151 daAuts
    D:11: 2873 daAuts
Vaults:1: 2638 daAuts
  Lair:5: 2607 daAuts
   Zot:5: 2550 daAuts
    D:15: 2529 daAuts
  Lair:3: 2505 daAuts
 Crypt:3: 2388 daAuts
Vaults:4: 2296 daAuts
   Zot:4: 2237 daAuts
    D:10: 2232 daAuts
 Slime:5: 2225 daAuts
Depths:3: 2207 daAuts
Depths:4: 2168 daAuts
